 Dungeon Crawl Stone Soup version 0.31-a0-1074-g0b22e4e0f1 (webtiles) character file.

Game seed: 14864775080029000676

2097 olourkin the Carver (level 9, -5/79 HPs)
             Began as a Minotaur Fighter on Dec 2, 2023.
             Slain by a boulder beetle (39 damage)
             ... on level 7 of the Dungeon.
             The game lasted 00:20:26 (4282 turns).

olourkin the Carver (Minotaur Fighter)              Turns: 4282, Time: 00:20:27

Health: -5/79      AC: 14    Str: 23    XL:     9   Next: 7%
Magic:  0/8        EV: 11    Int:  5    God:
Gold:   351        SH:  5    Dex: 12    Spells: 8/8 levels left

rFire   . . .        p - +8 demon blade "Leech" {evervamp, Harm Drain rN+}
rCold   . . .        c - +0 buckler
rNeg    + . .        E - +0 plate armour
rPois   .            (helmet restricted)
rElec   .            (no cloak)
rCorr   .            (no gloves)
SInv    .            o - +0 pair of boots
Will    .....        B - amulet of guardian spirit Stlth
                     C - +5 ring of evasion
HPRegen 0.33/turn    (no ring)
MPRegen 0.11/turn

%: harm (+30% outgoing, +20% incoming), guardian spirit
@: no status effects
A: horns 2, retaliatory headbutt
a: no special abilities


You were on level 7 of the Dungeon.
You visited 1 branch of the dungeon, and saw 7 of its levels.
You also visited: Sewer.

You collected 351 gold pieces.

Inventory:

Hand Weapons
 a - a +0 war axe
 p - the +8 demon blade "Leech" (weapon) {evervamp, Harm Drain rN+}
   (You found it on level 2 of the Dungeon)

   rN+:       It protects you from negative energy.
   Drain:     It drains your maximum health when unequipped.
   Harm:      It increases damage dealt and taken.
Missiles
 m - 47 stones (quivered)
 A - a boomerang
Armour
 c - a +0 buckler (worn)
 o - a +0 pair of boots (worn)
 E - a +0 plate armour (worn)
Jewellery
 q - a ring of ice
 B - an amulet of guardian spirit (around neck)
 C - a +5 ring of evasion (left hand)
Wands
 b - a wand of roots (15)
 J - a wand of mindburst (13)
Scrolls
 e - 8 scrolls of fear {unknown}
 f - 4 scrolls of teleportation
 j - 9 scrolls of identify {unknown}
 t - 3 scrolls of noise {unknown}
 v - 2 scrolls of revelation {unknown}
 w - a scroll of enchant weapon {unknown}
 y - a scroll of immolation {unknown}
 D - a scroll of acquirement {unknown}
 F - 2 scrolls of fog {unknown}
 G - a scroll of blinking {unknown}
 H - a scroll of enchant armour {unknown}
 I - a scroll of poison {unknown}
Potions
 d - a potion of might
 g - 3 potions of degeneration {unknown}
 h - a potion of ambrosia {unknown}
 i - 6 potions of enlightenment
 k - a potion of lignification {unknown}
 l - a potion of invisibility {unknown}
 n - 3 potions of curing {unknown}
 r - a potion of attraction {unknown}
 s - a potion of cancellation {unknown}
 u - 2 potions of resistance {unknown}
 x - 2 potions of heal wounds {unknown}
 z - 2 potions of magic {unknown}


   Skills:
 + Level 7.3 Fighting
 * Level 8.4 Long Blades
 - Level 3.5 Axes
 + Level 7.4 Armour
 + Level 7.3 Shields


You had 8 spell levels left.
You didn't know any spells.
Your spell library contained the following spells:

 Spells                   Type           Power      Damage    Failure   Level
 Apportation              Tloc           0%         N/A       100%        1
 Necrotise                Necr           0%         1d4       100%        1
 Shock                    Conj/Air       0%         1d3       100%        1
 Summon Small Mammal      Summ           0%         N/A       100%        1
 Ensorcelled Hibernation  Hex/Ice        0%         N/A       100%        2
 Passwall                 Tmut/Erth      0%         N/A       100%        2
 Ozocubu's Armour         Ice            0%         N/A       100%        3
 Swiftness                Air            0%         N/A       100%        3
 Airstrike                Air            0%         2d(0-16)  100%        4
 Manifold Assault         Tloc           0%         N/A       100%        4
 Dispersal                Tloc           0%         N/A       100%        6
 Ozocubu's Refrigeration  Ice            0%         4d7       100%        7
 Disjunction              Tloc           0%         N/A       100%        8


Dungeon Overview and Level Annotations

Branches:
Dungeon (7/15)             Temple (0/1) D:7           Sewer (visited)

Altars:
Kikubaaqudgha
Trog

Shops:
D:4 :


Innate Abilities, Weirdness & Mutations

You have a pair of horns on your head.
You reflexively headbutt those who attack you in melee.


Message History

You furiously retaliate!
You headbutt the vampire mosquito. You slash the vampire mosquito!
You headbutt the vampire mosquito, but do no damage.
The vampire mosquito is severely damaged.
The vampire mosquito bites you but does no damage.
A boulder beetle comes into view.
Your movement speed is average.
Your attack delay is about 0.9.
Your damage rating with the +8 demon blade "Leech" {evervamp, Harm Drain rN+} is about 25 (Base 13 x 105% (Dex) x 130% (Skill) + 8 (Ench)).
You slice the vampire mosquito!!
You destroy the vampire mosquito!
The boulder beetle leaps!
You start waiting.
A boulder beetle is nearby!
You slash the boulder beetle!
The boulder beetle is lightly wounded.
The boulder beetle bites you!
You hit the boulder beetle but do no damage.
The boulder beetle is lightly wounded.
The boulder beetle bites you!
You hit the boulder beetle but do no damage.
The boulder beetle is lightly wounded.
The boulder beetle closely misses you.
You hit the boulder beetle but do no damage.
The boulder beetle is lightly wounded.
The boulder beetle bites you!
Aiming: Fastroot
Press: ? - help, Shift-Dir - straight line The roots erupt in riotous growth!
Roots grab the boulder beetle.
The grasping roots constrict the boulder beetle.
You hear a shout! x4
The boulder beetle bites you!
* * * LOW HITPOINT WARNING * * *
The grasping roots constrict the boulder beetle.
The roots release their grip on the boulder beetle.
An orc wizard comes into view. It is wielding a +0 dagger.
The boulder beetle curls into a ball and begins rolling!
The boulder beetle attacks as it pursues you!
The boulder beetle hits you!!!
You die...

#.........#.#.#..#
####.....### ###..
###...# .. # #
#...## #. .#. #...#
#.# #..##
#.######..#
#########
#.#......##
#.......###o○B@..###
#..........°...###
#.........°..###..
#).........###....
#........###.....#
#......##..)...#
#........###...○#
########. #.... ...
#..


You could see a boulder beetle (rolling) and an orc wizard.

Vanquished Creatures
  A vampire mosquito (D:7)
  Duvessa (D:5)
  A water moccasin (D:6)
  An orc warrior (D:6)
  An ice beast (D:6)
  2 black bears
  A sky beast (D:6)
  An ogre (D:5)
  3 scorpions
  3 wights (D:6)
  Dowan (D:5)
  2 hounds (D:5)
  2 jellies (D:6)
  3 orc priests
  A sleepcap (D:7)
  3 iguanas
  Terence (D:3)
  6 orc wizards
  A malarious merfolk avatar (Sewer)
  A sickly merfolk siren (Sewer)
  3 gnolls (D:6)
  11 adders
  3 river rats (Sewer)
  A white imp (D:7)
  2 worms (D:2)
  2 dart slugs
  21 orcs
  12 ball pythons
  7 endoplasms
  6 giant cockroaches
  6 goblins
  7 hobgoblins
  10 jackals
  7 quokkas
  6 bats
  11 frilled lizards
  4 kobolds
  26 rats
181 creatures vanquished.

Notes
Turn   | Place    | Note
-------+----------+-------------------------------------------
     0 | D:1      | olourkin the Minotaur Fighter began the quest for the Orb.
     0 | D:1      | Reached XP level 1. HP: 19/19 MP: 0/0
   136 | D:1      | Reached XP level 2. HP: 27/27 MP: 1/1
   772 | D:2      | Reached XP level 3. HP: 31/33 MP: 2/2
   881 | D:2      | Found the +8 demon blade "Leech" {evervamp, Harm Drain rN+}
  1037 | D:2      | Reached skill level 1 in Long Blades
  1037 | D:2      | Reached XP level 4. HP: 40/40 MP: 3/3
  1520 | D:3      | Found an ancient bone altar of Kikubaaqudgha.
  1547 | D:3      | Reached skill level 2 in Long Blades
  1547 | D:3      | Reached XP level 5. HP: 47/47 MP: 4/4
  1679 | D:3      | Noticed Terence
  1686 | D:3      | Killed Terence
  2009 | D:4      | Reached skill level 3 in Long Blades
  2030 | D:4      | Found Daumo's Book Shoppe.
  2066 | D:4      | Reached skill level 5 in Armour
  2066 | D:4      | Reached XP level 6. HP: 45/55 MP: 2/5
  2176 | D:4      | Found a glowing drain.
  2182 | Sewer    | Entered a sewer
  2222 | Sewer    | Reached skill level 5 in Shields
  2280 | Sewer    | Reached skill level 5 in Fighting
  2403 | Sewer    | Reached skill level 4 in Long Blades
  2941 | D:5      | Entered Level 5 of the Dungeon
  2977 | D:5      | Reached XP level 7. HP: 48/61 MP: 4/6
  3044 | D:5      | Reached skill level 5 in Long Blades
  3135 | D:5      | Noticed Duvessa
  3135 | D:5      | Noticed Dowan
  3141 | D:5      | Killed Dowan
  3150 | D:5      | Killed Duvessa
  3184 | D:5      | Found a bloodstained altar of Trog.
  3259 | D:5      | Reached skill level 6 in Long Blades
  3437 | D:6      | Reached XP level 8. HP: 70/70 MP: 5/7
  3527 | D:6      | Reached skill level 7 in Long Blades
  4001 | D:6      | Reached skill level 8 in Long Blades
  4201 | D:7      | Found a staircase to the Ecumenical Temple.
  4257 | D:7      | Reached XP level 9. HP: 79/79 MP: 8/8
  4260 | D:7      | Noticed a boulder beetle
  4282 | D:7      | Slain by a boulder beetle

Illustrated notes

Levels and vault maps discovered:
D:1:      zelgadis_glass_arrival_large, layout_loops_ring
D:2:      layout_rooms
D:3:      wad_pebble_path, layout_rooms, nicolae_kikubaaqudgha_miasma_corner,
          grunt_decor_clamped, minmay_surrounded, uniq_terence
D:4:      layout_cave_pools, serial_shops, nicolae_stop_n_shop_2,
          portal_sewer_entry_e
D:5:      layout_rooms, mainiacjoe_overflow_cross_hatched, uniq_duvessa
D:6:      dreamdust_elfheim, layout_rooms
D:7:      minmay_the_grid_four_pointed_star
          [minmay_the_grid_triangle_9x9_skeleton,
          minmay_the_grid_triangle_9x9_steps,
          minmay_the_grid_triangle_9x9_checkered,
          minmay_the_grid_triangle_9x9_pentomino_pain,
          minmay_the_grid_prize_four_corners_diamond_a], layout_loops_cross,
          gammafunk_temple_overflow_wave, minitemple, minmay_temple_entry_trees,
          minmay_misc_feat_pillars

Skill      XL: |  1  2  3  4  5  6  7  8 |
---------------+-------------------------+-----
Axes           | 3 |  3.5
Fighting       | 4 5 6 7 |  7.3
Armour         | 4 5 6 7 |  7.4
Shields        | 4 5 6 7 |  7.3
Long Blades    | 1 2 3 4 6 8 |  8.4

Action                     |  1- 3 |  4- 6 |  7- 9 || total
---------------------------+-------+-------+-------++-------
  Melee: War axe           |    65 |       |       ||    65
         Headbutt          |    11 |    12 |    19 ||    42
         Demon blade       |    13 |   161 |   117 ||   291
  Throw: Stone             |       |     3 |     1 ||     4
  Evoke: Wand              |       |       |     2 ||     2
 Armour: Scale mail        |    62 |    59 |       ||   121
         Plate armour      |       |     2 |    66 ||    68
  Dodge: Dodged            |    42 |    83 |    30 ||   155
  Block: Buckler           |    15 |    34 |    17 ||    66

Table legend: (Time is in decaauts)
 A = Elapsed time spent in this place.
 B = Non-inter-level travel time spent in this place.
 C = Inter-level travel time spent in this place.
 D = Time resting spent in this place.
 E = Time spent auto-exploring this place.
 F = Levels seen in this place.
 G = Mean time per level.
                   A        B        C        D        E       F      G
               +--------+--------+--------+--------+--------+-----+--------+
         Total |   4362 |   4196 |    166 |    221 |   2653 |   8 |  545.2 |
       Dungeon |   3947 |   3781 |    166 |    121 |   2535 |   7 |  563.9 |
         Sewer |    414 |    414 |      0 |    100 |    118 |   1 |  414.0 |
               +--------+--------+--------+--------+--------+-----+--------+

Top non-repeatable levels by time:
     D:1: 781 daAuts
     D:6: 740 daAuts
     D:4: 697 daAuts
     D:3: 629 daAuts
     D:2: 498 daAuts
     D:5: 484 daAuts
   Sewer: 414 daAuts
     D:7: 115 daAuts
